Map: King's Cove LE

Players

Altus

  • Race: Zerg Zerg
  • League: Silver
  • Spawn Location: 11:00

VOD

Have the link to the VOD?

Description

Time

  • Played on: March 20, 2019, 7:17 p.m.
  • Length: 16:21
Show
View Real Time Build Order
Export as new Build Order

Altus Zerg 

Build Orders:  

Get SALT Encoding   

  12  0:16  Overlord  
  12  0:18  Drone  
  13  0:25  Drone  
  14  0:43  Drone  
  15  0:52  Drone  
  16  1:32  Hatchery  
  15  1:40  Spawning Pool  
  15  1:46  Extractor  
  13  2:12  Drone  
  13  2:13  Drone x2  
  16  2:45  Drone  
  16  2:46  Drone  
  18  3:09  Drone  
  19  3:21  Extractor  
  19  3:22  Drone  
  19  3:25  Queen  
  21  3:37  Drone x2  
  23  3:45  Zergling x2  
  23  3:46  Zergling x2  
  25  4:05  Drone  
  25  4:06  Drone  
  27  4:20  Overlord  
  27  4:43  Drone  
  27  4:45  Queen  
  27  4:46  Lair  
  27  4:49  Zergling x2  
  31  4:53  Drone  
  32  5:22  Roach Warren  
  31  5:37  Extractor  
  30  5:53  Drone x2  
  30  5:54  Drone  
  33  6:07  Zergling x2  
  33  6:09  Zergling x2  
  35  6:16  Extractor  
  34  6:27  Drone x2  
  36  6:39  Overlord x2  
  36  7:14  Hydralisk Den  
  35  7:20  Roach x3  
  35  7:21  Hatchery  
  35  7:23  Zergling x4  
  35  7:24  Zergling x2  
  43  7:48  Overseer  
  46  8:15  Hydralisk x2  
  46  8:16  Hydralisk  
  46  8:19  Overlord x2  
  52  8:20  Overlord  
  52  9:05  Extractor  
  49  9:30  Infestation Pit  
  29  9:57  Overlord  
  29  9:58  Overlord  
  29  9:59  Zergling x10  
  32  10:00  Zergling x16  
  40  10:26  Unknown  
  30  10:55  Unknown  
  29  11:00  Overlord  
  29  11:03  Hydralisk x2  
  29  11:04  Hydralisk x2  
  29  11:08  Drone x2  
  39  11:16  Drone  
  40  11:25  Drone  
  40  11:26  Drone  
  42  11:35  Drone  
  43  12:09  Drone  
  44  12:10  Drone x2  
  46  12:27  Evolution Chamber  
  45  12:34  Evolution Chamber  
  45  12:35  Unknown  
  44  12:40  Drone  
  44  12:41  Drone x6  
  51  13:11  Overseer  
  51  13:15  Hive  
  51  13:17  Overseer  
  51  13:39  Drone  
  52  13:40  Drone x8  
  60  13:51  Hatchery  
  59  14:17  Drone x2  
  61  14:35  Hydralisk  
  61  14:36  Hydralisk x6  
  75  15:12  Metabolic Boost, Zergling x2  
  75  15:13  Zergling x12  
  74  15:36  Zergling x2  
  74  15:37  Zergling x16  
  75  15:42  Unknown  
Tags
 
Add a new tag
Caveats
  • Supply blocks, unpowered buildings, or Contaminate may cause inaccurate times.
  • Supply counts are checked every 10 seconds.